 Dungeon Crawl Stone Soup version 0.17-a0-1849-g8a24fa2 (webtiles) character file.

560 CannabisEater the Firebug (level 7, -2/36 HPs)
             Began as a Deep Elf Fire Elementalist on Sept 18, 2015.
             Was an Initiate of Vehumet.
             Shot with an arrow by a centaur (6 damage)
             ... on level 5 of the Dungeon.
             The game lasted 00:14:15 (5182 turns).

CannabisEater the Firebug (DEFE)                    Turns: 5182, Time: 00:14:15

Health: -2/36      AC:  4    Str:  5    XL:     7   Next: 9%
Magic:  13/13      EV:  8    Int: 22    God:    Vehumet [......]
Gold:   178        SH:  0    Dex: 15    Spells: 4 memorised, 2 levels left

rFire  . . .     SeeInvis .     s - +0 hunting sling
rCold  . . .     Clarity  .     w - +0 animal skin
rNeg   . . .     SustAt   .     (no shield)
rPois  .         Gourm    .     x - +0 helmet
rElec  .         Spirit   .     (no cloak)
rCorr  .         Warding  .     o - +0 pair of gloves
rMut   .         Stasis   .     (no boots)
MR     .....                    t - amulet of regeneration
Stlth  ++........               (no ring)
                                (no ring)

@: not resistant to hostile enchantments, unstealthy
A: no striking features
a: Renounce Religion


You were on level 5 of the Dungeon.
You worshipped Vehumet.
Vehumet was noncommittal.
You were not hungry.

You visited 2 branches of the dungeon, and saw 6 of its levels.

You collected 178 gold pieces.

Inventory:

Hand weapons
 n - a +2 short sword of electrocution
 s - a +0 hunting sling (weapon)
Missiles
 a - 11 tomahawks
 m - 106 stones (quivered)
 p - 32 arrows
 z - 14 poisoned bolts
 B - 16 bolts
 F - 28 arrows of flame
 I - 9 bolts of frost
Armour
 o - a +0 pair of gloves (worn)
 w - a +0 animal skin (worn)
 x - a +0 helmet (worn)
Jewellery
 t - an amulet of regeneration (around neck)
 A - an uncursed ring of protection from fire {unknown}
Magical devices
 G - a wand of disintegration (17)
Scrolls
 d - 3 scrolls of enchant armour {unknown}
 e - 2 scrolls of magic mapping {unknown}
 g - 2 scrolls of remove curse {unknown}
 h - 2 scrolls of blinking {unknown}
 k - 6 scrolls of identify {unknown}
 l - 2 scrolls of teleportation {unknown}
 q - a scroll of noise {unknown}
 u - 3 scrolls of fog {unknown}
 v - 2 scrolls of amnesia {unknown}
 H - a scroll of enchant weapon {unknown}
Potions
 f - a potion of heal wounds {unknown}
 i - 4 potions of curing
 j - 2 potions of agility {unknown}
 C - a potion of resistance {unknown}
 E - a potion of brilliance {unknown}
 J - a potion of lignification {unknown}
Books
 b - a book of Flames

   Spells                             Type                      Level
   a - Flame Tongue                   Conjuration/Fire             1
   b - Throw Flame                    Conjuration/Fire             2
   c - Conjure Flame                  Conjuration/Fire             3
   d - Inner Flame                    Hexes/Fire                   3
   e - Sticky Flame                   Conjuration/Fire             4
   f - Fireball                       Conjuration/Fire             5
 y - a Grand Grimoire

   Spells                             Type                      Level
   a - Monstrous Menagerie            Summoning                    6
   b - Summon Greater Demon           Summoning                    7
   c - Malign Gateway                 Summoning/Translocation      7
   d - Summon Horrible Things         Summoning                    8
Comestibles
 c - 2 bread rations
 r - a beef jerky
 D - a meat ration


   Skills:
 - Level 2.4 Dodging
 - Level 2.4 Stealth
 - Level 3.0 Spellcasting
 * Level 5.2 Conjurations
 - Level 7.2 Fire Magic


You had 2 spell levels left.
You knew the following spells:

 Your Spells              Type           Power        Failure   Level  Hunger
a - Flame Tongue          Conj/Fire      ####.        1%          1    None
b - Throw Flame           Conj/Fire      ####..       1%          2    ##.....
c - Conjure Flame         Conj/Fire      ####....     2%          3    ###....
d - Sticky Flame          Conj/Fire      ####....     12%         4    ####...


Dungeon Overview and Level Annotations

Branches:
Dungeon (5/15)             Temple (1/1) D:4

Altars:
Cheibriados
Elyvilon
Fedhas
Gozag
Kikubaaqudgha
Makhleb
Okawaru
Qazlal
Ru
Sif Muna
Trog
Vehumet
Yredelemnul
Zin
The Shining One

Annotations:
D:3 Eustachio; Guenter's ghost, average HOMo


Message History

There is an open door here.
There is a staircase to the Ecumenical Temple here.
There is an open door here.
There is an open door here.
You see here a whip.
There is a stone staircase leading down here.
There is a stone staircase leading down here.
You climb downwards.
A centaur comes into view.
The centaur shoots an arrow.
The arrow hits you!
The centaur shoots an arrow.
The arrow hits you!
The centaur shouts!
Found a robe.
There is a stone staircase leading up, spattered with blood here.
You see here 2 arrows.
The centaur wields a shortbow.
The centaur shoots an arrow.
The arrow hits you!
* * * LOW HITPOINT WARNING * * *
The centaur shoots an arrow.
The arrow closely misses you.
The centaur shoots an arrow.
The arrow hits you.
You die...

##....#
......#..<.# .
##..........#
..#.......Z..[#
.c............
#............#
#...c.........
#...........##.
#...@..##..# ..
..........#
###.......#
####....#
..##.# ..# #[
.# .# .# #.


You could see 2 centaurs and a giant frog skeleton.

Vanquished Creatures
  2 eyes of draining (D:3)
  A scorpion (D:4)
  An orc priest (D:3)
  Ijyb (D:2)
  Jessica (D:2)
  A worker ant (D:3)
  Natasha (twice) (D:2)
  Robin (D:2)
  4 gnolls (D:3)
  7 adders
  An ooze (D:1)
  3 giant geckos
  5 orcs
  5 ball pythons
  6 giant cockroaches
  10 hobgoblins
  A quokka (D:2)
  8 bats
  3 giant newts
  19 goblins
  5 kobolds
  6 rats
93 creatures vanquished.

Vanquished Creatures (others)
  A plant (D:2)
1 creature vanquished.

Grand Total: 94 creatures vanquished

Notes
Turn   | Place    | Note
--------------------------------------------------------------
     0 | D:1      | CannabisEater the Deep Elf Fire Elementalist began the quest for the Orb.
     0 | D:1      | Reached XP level 1. HP: 10/10 MP: 6/6
   167 | D:1      | Reached skill level 4 in Fire Magic
   167 | D:1      | Reached XP level 2. HP: 15/15 MP: 4/8
   925 | D:1      | Reached XP level 3. HP: 19/19 MP: 7/9
  1265 | D:2      | Noticed Natasha
  1269 | D:2      | Killed Natasha
  1269 | D:2      | Reached skill level 5 in Fire Magic
  1453 | D:2      | Noticed Ijyb
  1508 | D:2      | Killed Ijyb
  1508 | D:2      | Reached XP level 4. HP: 24/24 MP: 2/10
  1582 | D:2      | Noticed Jessica
  1586 | D:2      | Killed Jessica
  1586 | D:2      | Reached skill level 6 in Fire Magic
  1823 | D:2      | Noticed Robin
  1880 | D:2      | Killed Robin
  1880 | D:2      | Reached XP level 5. HP: 28/28 MP: 11/11
  2422 | D:3      | Noticed Guenter's ghost (average HOMo)
  2712 | D:2      | Learned a level 2 spell: Throw Flame
  2716 | D:2      | Learned a level 3 spell: Conjure Flame
  2883 | D:3      | Found a deep blue altar of Sif Muna.
  2975 | D:3      | Found a sacrificial altar of Ru.
  2975 | D:3      | Found an ancient bone altar of Kikubaaqudgha.
  3005 | D:3      | Found a bloodstained altar of Trog.
  3111 | D:2      | Noticed Natasha
  3124 | D:2      | Killed Natasha
  3259 | D:3      | Reached skill level 7 in Fire Magic
  3336 | D:3      | Found a white marble altar of Elyvilon.
  3412 | D:3      | Reached XP level 6. HP: 32/32 MP: 2/12
  3552 | D:3      | Noticed an eye of draining
  3605 | D:3      | Killed an eye of draining
  3610 | D:3      | Noticed an eye of draining
  3704 | D:3      | Killed an eye of draining
  3988 | D:3      | Found an opulent altar of Gozag.
  3988 | D:3      | Found a glowing silver altar of Zin.
  4207 | D:4      | Noticed Eustachio
  4473 | D:4      | Learned a level 4 spell: Sticky Flame
  4668 | D:4      | Found a staircase to the Ecumenical Temple.
  4680 | Temple   | Entered the Ecumenical Temple
  4729 | Temple   | Became a worshipper of Vehumet
  4763 | D:4      | Reached skill level 5 in Conjurations
  4763 | D:4      | Reached XP level 7. HP: 36/36 MP: 5/13
  5113 | D:5      | Entered Level 5 of the Dungeon
  5182 | D:5      | Shot with an arrow by a centaur

Vault maps used:
D:1:      dpeg_arrival_boxes_within_box
D:2:      serial_bayou, serial_bayou_shore_a, serial_bayou_pond_a,
          serial_bayou_pond_d, serial_bayou_shore_b, serial_bayou_pond_c,
          serial_bayou_lagoon_a, uniq_jessica, uniq_iyjb, uniq_robin,
          uniq_natasha
D:3:      grunt_temple_overflow_gold_and_silver,
          gammafunk_temple_overflow_statue, trog_eyes_of_draining,
          lemuel_doored_altar, lemuel_round_altar, elyvilon_altar_4
D:4:      minmay_temple_entry_glassed_door, first_bread, uniq_eustachio
D:5:      minitemple, basic_altar
Temple:   minmay_temple_bridge_a_8

Action                   |  1- 3 |  4- 6 |  7- 9 || total
-------------------------+-------+-------+-------++-------
Melee: Unarmed           |     4 |       |       ||     4
       Whip              |     1 |       |       ||     1
 Fire: Hunting sling     |       |    91 |     2 ||    93
 Cast: Flame Tongue      |    54 |    67 |     1 ||   122
       Throw Flame       |       |    41 |     2 ||    43
       Conjure Flame     |       |     4 |       ||     4
       Sticky Flame      |       |     1 |       ||     1
  Use: Potion            |       |     1 |       ||     1
  Eat: Chunk             |     1 |    11 |     2 ||    14
       Beef jerky        |       |     1 |       ||     1
